 Dungeon Crawl Stone Soup version 0.27.1-33-g824d729ab1 (webtiles) character file.

Game seed: 5418028792353352486

38 djsenpai the Shield-Bearer (level 3, -2/35 HPs)
             Began as a Gnoll Fighter on Dec 11, 2021.
             Slain by an adder (3 damage)
             ... on level 2 of the Dungeon.
             The game lasted 00:01:49 (1140 turns).

djsenpai the Shield-Bearer (Gnoll Fighter)          Turns: 1140, Time: 00:01:50

Health: -2/35      AC:  7    Str: 16    XL:     3   Next: 43%
Magic:  4/4        EV:  8    Int:  7    God:
Gold:   16         SH: 10    Dex: 11    Spells: 3/3 levels left

rFire    . . .     SeeInvis .   a - +0 flail
rCold    . . .     Faith    .   c - +0 kite shield
rNeg     . . .     Spirit   .   b - +0 scale mail
rPois    .         Reflect  .   (no helmet)
rElec    .         Harm     .   (no cloak)
rCorr    .         Rampage  .   (no gloves)
Will     .....                  (no boots)
Stlth    ..........             (no amulet)
HPRegen  0.11/turn              (no ring)
MPRegen  0.09/turn              (no ring)

@: no status effects
A: fangs 1, strong nose, distributed training
a: no special abilities


You were on level 2 of the Dungeon.
You visited 1 branch of the dungeon, and saw 2 of its levels.

You collected 16 gold pieces.

Inventory:

Hand Weapons
 a - a +0 flail (weapon)
Armour
 b - a +0 scale mail (worn)
 c - a +0 kite shield (worn)
Scrolls
 e - a scroll of blinking {unknown}
 g - a scroll of summoning {unknown}
 j - a scroll of magic mapping {unknown}
Potions
 d - a potion of might
 f - a potion of mutation {unknown}
 h - a potion of attraction {unknown}
 i - 2 potions of lignification {unknown}


   Skills:
 + Level 6.5 Fighting
 + Level 0.8 Short Blades
 + Level 0.8 Long Blades
 + Level 0.8 Axes
 + Level 4.5 Maces & Flails
 + Level 0.8 Polearms
 + Level 0.8 Staves
 + Level 0.8 Slings
 + Level 0.8 Bows
 + Level 0.8 Crossbows
 + Level 0.8 Throwing
 + Level 6.5 Armour
 + Level 0.8 Dodging
 + Level 0.8 Stealth
 + Level 6.5 Shields
 + Level 0.8 Unarmed Combat
 + Level 0.8 Spellcasting
 + Level 0.5 Conjurations
 + Level 0.5 Hexes
 + Level 0.5 Summonings
 + Level 0.5 Necromancy
 + Level 0.5 Translocations
 + Level 0.5 Transmutations
 + Level 0.5 Fire Magic
 + Level 0.5 Ice Magic
 + Level 0.5 Air Magic
 + Level 0.5 Earth Magic
 + Level 0.5 Poison Magic
 + Level 1.0 Invocations
 + Level 0.8 Evocations


You had 3 spell levels left.
You didn't know any spells.
Your spell library was empty.

Dungeon Overview and Level Annotations

Branches:
Dungeon (2/15)

Altars:


Innate Abilities, Weirdness & Mutations

You have very sharp teeth.
Your uncanny sense of smell can sniff out nearby items.
Your experience applies equally to all skills.


Message History

You block the gnoll's attack.
Your shield prevents you from hitting the bat.
The bat hits you but does no damage. x2; The gnoll barely misses you.
You block the gnoll's attack. The bat hits you but does no damage.
You hit the bat.
You kill the bat!
The gnoll hits you but does no damage. The gnoll hits you with a +0 whip.
* * * LOW HITPOINT WARNING * * *
You sock the gnoll! You bite the gnoll.
The gnoll is almost dead.
The gnoll hits you but does no damage. The gnoll closely misses you.
The gnoll hits you but does no damage.
You completely miss the gnoll.
The gnoll is almost dead.
You block the gnoll's attack. The gnoll barely misses you.
You hit the gnoll.
You kill the gnoll!
You block the gnoll's attack. The gnoll hits you but does no damage.
Things that are here:
a +0 whip; a gnoll corpse; a bat corpse An adder comes into view.
The adder hisses angrily.
The adder moves out of view.
A bat comes into view.
You block the bat's attack.
You sock the bat!
You kill the bat!
The gnoll hits you but does no damage.
The gnoll hits you from afar with a +0 spear.
* * * LOW HITPOINT WARNING * * *
Your Invocations skill increases to level 1!
You miss the adder. You block the adder's attack.
The gnoll hits you from afar with a +0 spear.
* * * LOW HITPOINT WARNING * * *
You block the adder's attack.
You hit the adder.
The adder is heavily wounded.
The adder bites you.
You die...

#K# #####.#
######## #.#
#.#
.......###.#
#.#
#$.$..K.#
#.#
#.#.#####
#.# #K# #.#
#g# #.# #.#
#@# #S# ...
...## .....
###.## #. #.


You could see a gnoll, an adder and a kobold.

Vanquished Creatures
  2 gnolls (D:2)
  A dart slug (D:1)
  3 bats
  A giant cockroach (D:1)
  3 hobgoblins (D:1)
  A kobold (D:1)
  A quokka (D:2)
  2 ball pythons
  2 frilled lizards
  2 rats (D:1)
18 creatures vanquished.

Notes
Turn   | Place    | Note
-------+----------+-------------------------------------------
     0 | D:1      | djsenpai the Gnoll Fighter began the quest for the Orb.
     0 | D:1      | Reached XP level 1. HP: 23/23 MP: 1/1
   339 | D:1      | Reached XP level 2. HP: 29/29 MP: 2/2
  1098 | D:2      | Reached XP level 3. HP: 9/35 MP: 3/3
  1138 | D:2      | HP: 1/35 [gnoll (3)]
  1139 | D:2      | Reached skill level 1 in Invocations
  1140 | D:2      | Slain by an adder

Illustrated notes

Levels and vault maps discovered:
D:1:      dpeg_arrival_shelter, layout_basic, amcnicky_mini_pool_small,
          minmay_misc_feat_plants
D:2:      layout_loops_ring, st_stairs_7, uniq_jessica

Skill      XL: |  1  2  3 |
---------------+----------+-----
Invocations    | 1 |  1.0
Fighting       | |  6.5
Short Blades   | |  0.8
Long Blades    | |  0.8
Axes           | |  0.8
Maces & Flails | |  4.5
Polearms       | |  0.8
Staves         | |  0.8
Slings         | |  0.8
Bows           | |  0.8
Crossbows      | |  0.8
Throwing       | |  0.8
Armour         | |  6.5
Dodging        | |  0.8
Stealth        | |  0.8
Shields        | |  6.5
Unarmed Combat | |  0.8
Spellcasting   | |  0.8
Conjurations   | |  0.5
Hexes          | |  0.5
Summonings     | |  0.5
Necromancy     | |  0.5
Translocations | |  0.5
Transmutations | |  0.5
Fire Magic     | |  0.5
Ice Magic      | |  0.5
Air Magic      | |  0.5
Earth Magic    | |  0.5
Poison Magic   | |  0.5
Evocations     | |  0.8

Action                   || total
-------------------------++-------
Melee: Flail             ||    55
       Bite              ||     5
Armor: Scale mail        ||    24
Dodge: Dodged            ||    16
Block: Kite shield       ||    32
